3L
PANAMA CITY PIRANHAS @ D.C. DIVIDED
08/10/2039
 
TOP OF THE 1ST
Panama City Piranhas batting - Pitching for D.C. Divided : RHP Octavius Pringle
Pitching: RHP Octavius Pringle
Batting: RHB Silvio Bonauiti 0-0: Called Strike
0-1: Ball
1-1: Swinging Strike
1-2: Strikes out swinging
Batting: RHB Kieran Hansen 0-0: Ball
1-0: Ball
2-0: Called Strike
2-1: Swinging Strike
2-2: Ball
3-2: Ground out 1-3 (Groundball, 15S, EV 66.9 MPH)
Batting: RHB António Mendoza 0-0: Called Strike
0-1: Ball
1-1: SINGLE (Groundball, 4MD, EV 100.0 MPH)
Batting: SHB Ben Boston 0-0: Called Strike
0-1: Foul Ball, location: 2F
0-2: Foul Ball, location: 2F
0-2: Foul Ball, location: 2F
0-2: Ball
1-2: Ground out 1-3 (Groundball, 13, EV 65.0 MPH)
Top of the 1st over - 0 runs, 1 hit, 0 errors, 1 left on base; Panama City 0 - D.C. 0
BOTTOM OF THE 1ST
D.C. Divided batting - Pitching for Panama City Piranhas : RHP Masahiro Sakei
Pitching: RHP Masahiro Sakei
Batting: LHB Dallas Ihde 0-0: Called Strike
0-1: Swinging Strike
0-2: Foul Ball, location: 2F
0-2: Ball
1-2: Ball
2-2: Fly out, F8 (Flyball, 8LM, EV 90.0 MPH)
Batting: LHB Bill Butler 0-0: Foul Ball, location: 2F
0-1: Ball
1-1: Called Strike
1-2: Fly out, F8 (Flyball, 89M, EV 90.0 MPH)
Batting: RHB Martín Chávez 0-0: Ball
1-0: Fly out, F2 (Popup, 3SF, EV 75.6 MPH)
Bottom of the 1st over - 0 runs, 0 hits, 0 errors, 0 left on base; Panama City 0 - D.C. 0
TOP OF THE 2ND
Panama City Piranhas batting - Pitching for D.C. Divided : RHP Octavius Pringle
Batting: LHB José Ocasio 0-0: Ball
1-0: Called Strike
1-1: Fly out, F4 (Popup, 4, EV 60.0 MPH)
Batting: RHB Craig Tricket 0-0: Ball
1-0: SOLO HOME RUN (Flyball, 78XD, EV 101.9 MPH), Distance : 428 ft
Batting: RHB Chrysler Rodriguez 0-0: Called Strike
0-1: Called Strike
0-2: Ball
1-2: Ball
2-2: DOUBLE (Flyball, 7LD, EV 102.5 MPH)
Batting: RHB Rodney Clancy 0-0: Ball
1-0: Ground out 6-3 (Groundball, 6S, EV 88.1 MPH)
Chrysler Rodriguez to third
Batting: RHB Bruno Williams 0-0: Called Strike
0-1: Ground out 6-3 (Groundball, 6, EV 81.2 MPH)
Top of the 2nd over - 1 run, 2 hits, 0 errors, 1 left on base; Panama City 1 - D.C. 0
BOTTOM OF THE 2ND
D.C. Divided batting - Pitching for Panama City Piranhas : RHP Masahiro Sakei
Batting: RHB Kimi Okubo 0-0: Ball
1-0: Called Strike
1-1: Ball
2-1: Foul Ball, location: 2F
2-2: Ball
3-2: Foul Ball, location: 2F
3-2: Base on Balls
Batting: RHB Jay Hood 0-0: Ball
1-0: Swinging Strike
1-1: Ball
2-1: Fly out, F6 (Popup, 6S, EV 80.0 MPH)
Batting: RHB Mario Castillo 0-0: Ball
1-0: Foul Ball, location: 2F
1-1: Called Strike
1-2: Fly out, F8 (Line Drive, 8RD, EV 104.4 MPH)
Runner from 1st tags up, SAFE at 2nd
Batting: LHB Silas Givens 0-0: Ball
1-0: Fly out, F5 (Popup, 15S, EV 80.6 MPH)
Bottom of the 2nd over - 0 runs, 0 hits, 0 errors, 1 left on base; Panama City 1 - D.C. 0
TOP OF THE 3RD
Panama City Piranhas batting - Pitching for D.C. Divided : RHP Octavius Pringle
Batting: RHB Silvio Bonauiti 0-0: Called Strike
0-1: Ball
1-1: Swinging Strike
1-2: Strikes out swinging, 2-3 out at first.
Batting: RHB Kieran Hansen 0-0: Ball
1-0: SINGLE (Line Drive, 8RS, EV 96.9 MPH)
Batting: RHB António Mendoza 0-0: Called Strike
0-1: Ball
1-1: SINGLE (Flyball, 89M, EV 92.5 MPH)
Kieran Hansen to second
Runner from 2nd tries for 3rd, SAFE, throw by RF made to third
Batting: SHB Ben Boston 0-0: Called Strike
0-1: Ball
1-1: Foul Ball, location: 2F
1-2: Foul Ball, location: 2F
1-2: Foul Ball, location: 2F
1-2: Strikes out looking
Batting: LHB José Ocasio 0-0: Ball
1-0: Foul Ball, location: 2F
1-1: Swinging Strike
1-2: Strikes out swinging
Top of the 3rd over - 0 runs, 2 hits, 0 errors, 2 left on base; Panama City 1 - D.C. 0
BOTTOM OF THE 3RD
D.C. Divided batting - Pitching for Panama City Piranhas : RHP Masahiro Sakei
Batting: RHB Júlio Rodríguez 0-0: Fly out, F8 (Line Drive, 8RD, EV 98.1 MPH)
Batting: RHB Nick Boyd 0-0: Ball
1-0: Called Strike
1-1: Called Strike
1-2: Fly out, F9 (Flyball, 89M, EV 80.0 MPH)
Batting: LHB Dallas Ihde 0-0: Foul Ball, location: 2F
0-1: Ground out U3 (Groundball, 3, EV 103.1 MPH)
Bottom of the 3rd over - 0 runs, 0 hits, 0 errors, 0 left on base; Panama City 1 - D.C. 0
TOP OF THE 4TH
Panama City Piranhas batting - Pitching for D.C. Divided : RHP Octavius Pringle
Batting: RHB Craig Tricket 0-0: Called Strike
0-1: Ball
1-1: Foul Ball, location: 2F
1-2: Ground out 6-3 (Groundball, 6S, EV 65.0 MPH)
Batting: RHB Chrysler Rodriguez 0-0: Called Strike
0-1: Foul Ball, location: 2F
0-2: Ball
1-2: Ball
2-2: Ground out 5-3 (Groundball, 56, EV 108.1 MPH)
Batting: RHB Rodney Clancy 0-0: Called Strike
0-1: Swinging Strike
0-2: Foul Ball, location: 2F
0-2: Strikes out swinging
Top of the 4th over - 0 runs, 0 hits, 0 errors, 0 left on base; Panama City 1 - D.C. 0
BOTTOM OF THE 4TH
D.C. Divided batting - Pitching for Panama City Piranhas : RHP Masahiro Sakei
Batting: LHB Bill Butler 0-0: Ball
1-0: Swinging Strike
1-1: Ball
2-1: DOUBLE (Line Drive, 7LS, EV 93.1 MPH)
Batting: RHB Martín Chávez 0-0: Ball
1-0: Ball
2-0: Ball
3-0: Ground out 6-3 (Groundball, 6, EV 86.2 MPH)
Batting: RHB Kimi Okubo 0-0: Called Strike
0-1: Ball
1-1: Called Strike
1-2: SINGLE (Line Drive, 78S, EV 112.5 MPH)
Bill Butler to third
Runner from 3rd tries for Home, SAFE, throw by LF to home
Kimi Okubo to second
Batting: RHB Jay Hood 0-0: Ball
1-0: Called Strike
Kimi Okubo steals 3rd, throwing error, E2
Kimi Okubo scores
1-1: Called Strike
1-2: Strikes out swinging
Batting: RHB Mario Castillo 0-0: Foul Ball, location: 2F
0-1: Ball
1-1: Fly out, F4 (Popup, 4MD, EV 51.2 MPH)
Bottom of the 4th over - 2 runs, 2 hits, 1 error, 0 left on base; Panama City 1 - D.C. 2
TOP OF THE 5TH
Panama City Piranhas batting - Pitching for D.C. Divided : RHP Octavius Pringle
Batting: RHB Bruno Williams 0-0: Ball
1-0: Ball
2-0: Called Strike
2-1: SINGLE (Groundball, 5D, EV 103.8 MPH)
Batting: RHB Silvio Bonauiti 0-0: Ball
1-0: Ball
2-0: Ball
3-0: Base on Balls
Bruno Williams to second
Batting: RHB Kieran Hansen 0-0: Foul Ball, location: 2F
0-1: Ball
1-1: Swinging Strike
1-2: Ground out U3 (Groundball, 3, EV 99.4 MPH)
Bruno Williams to third
Silvio Bonauiti to second
Batting: RHB António Mendoza 0-0: Ball
1-0: Ball
2-0: Foul Ball, location: 2F
2-1: Ball
3-1: Called Strike
3-2: Foul Ball, location: 2F
3-2: Foul Ball, location: 2F
3-2: Base on Balls
Batting: SHB Ben Boston 0-0: Foul Ball, location: 2F
0-1: Called Strike
0-2: Ball
1-2: Strikes out swinging
Batting: LHB José Ocasio 0-0: Fly out, F9 (Line Drive, 9, EV 98.8 MPH)
Top of the 5th over - 0 runs, 1 hit, 0 errors, 3 left on base; Panama City 1 - D.C. 2
BOTTOM OF THE 5TH
D.C. Divided batting - Pitching for Panama City Piranhas : RHP Masahiro Sakei
Batting: LHB Silas Givens 0-0: Called Strike
0-1: Ball
1-1: Ball
2-1: Ground out 4-3 (Groundball, 4, EV 106.2 MPH)
Batting: RHB Júlio Rodríguez 0-0: Called Strike
0-1: Ball
1-1: Ball
2-1: Foul Ball, location: 2F
2-2: Ball
3-2: Base on Balls
Batting: RHB Nick Boyd 0-0: Ball
1-0: Ball
2-0: Ball
3-0: Called Strike
3-1: Base on Balls
Júlio Rodríguez to second
Batting: LHB Dallas Ihde 0-0: Ball
1-0: Ball
2-0: Fielders Choice at 2nd, 4-6 (Groundball, 4M, EV 78.8 MPH)
Júlio Rodríguez to third
Batting: LHB Bill Butler 0-0: Fly out, F7 (Flyball, 7, EV 99.4 MPH)
Bottom of the 5th over - 0 runs, 0 hits, 0 errors, 2 left on base; Panama City 1 - D.C. 2
TOP OF THE 6TH
Panama City Piranhas batting - Pitching for D.C. Divided : RHP Octavius Pringle
Batting: RHB Craig Tricket 0-0: Called Strike
0-1: Ground out 5-3 (Groundball, 56, EV 108.8 MPH)
Batting: RHB Chrysler Rodriguez 0-0: Ball
1-0: Called Strike
1-1: Fly out, F8 (Line Drive, 8RD, EV 90.0 MPH)
Batting: RHB Rodney Clancy 0-0: Swinging Strike
0-1: Foul Ball, location: 2F
0-2: Fly out, F9 (Flyball, 9LS, EV 98.1 MPH)
Top of the 6th over - 0 runs, 0 hits, 0 errors, 0 left on base; Panama City 1 - D.C. 2
BOTTOM OF THE 6TH
D.C. Divided batting - Pitching for Panama City Piranhas : RHP Masahiro Sakei
Batting: RHB Martín Chávez 0-0: Ball
1-0: SINGLE (Groundball, 6M, EV 81.2 MPH) (infield hit)
Batting: RHB Kimi Okubo 0-0: Ball
1-0: Foul Ball, location: 2F
1-1: Foul Ball, location: 2F
1-2: Ball
2-2: Foul Ball, location: 2F
2-2: Fly out, F7 (Line Drive, 7, EV 105.6 MPH)
Batting: RHB Jay Hood 0-0: Ball
1-0: Foul Ball, location: 2F
1-1: Fly out, F8 (Flyball, 8RS, EV 79.4 MPH)
Batting: RHB Mario Castillo 0-0: Ball
1-0: Called Strike
1-1: Ball
2-1: Fly out, F8 (Flyball, 89XD, EV 100.0 MPH)
Bottom of the 6th over - 0 runs, 1 hit, 0 errors, 1 left on base; Panama City 1 - D.C. 2
TOP OF THE 7TH
Panama City Piranhas batting - Pitching for D.C. Divided : RHP Octavius Pringle
Batting: RHB Bruno Williams 0-0: Ball
1-0: Ball
2-0: Called Strike
2-1: Ground out 6-3 (Groundball, 6, EV 92.5 MPH)
Pitching: RHP Aiden Dubhghall
Batting: RHB Silvio Bonauiti 0-0: Ball
1-0: Called Strike
1-1: Ball
2-1: Ground out 6-3 (Groundball, 6, EV 92.5 MPH)
Batting: RHB Kieran Hansen 0-0: Foul Ball, location: 2F
0-1: SINGLE (Line Drive, 89M, EV 101.9 MPH)
Batting: RHB António Mendoza 0-0: Called Strike
0-1: Ball
1-1: Ball
2-1: Ball
3-1: Swinging Strike
3-2: Base on Balls
Kieran Hansen to second
Batting: SHB Ben Boston 0-0: Called Strike
0-1: SINGLE (Flyball, 78S, EV 100.0 MPH)
Kieran Hansen to third
António Mendoza to second
Runner from 3rd tries for Home, SAFE, no throw by CF
Batting: LHB José Ocasio 0-0: Swinging Strike
0-1: Swinging Strike
0-2: SINGLE (Line Drive, 89M, EV 85.6 MPH)
António Mendoza to third
Ben Boston to second
Runner from 3rd tries for Home, SAFE, throw by RF to home
Batting: RHB Craig Tricket 0-0: Called Strike
0-1: Ball
1-1: Fly out, F5 (Popup, 5SF, EV 86.9 MPH)
Top of the 7th over - 2 runs, 3 hits, 0 errors, 2 left on base; Panama City 3 - D.C. 2
BOTTOM OF THE 7TH
D.C. Divided batting - Pitching for Panama City Piranhas : RHP Masahiro Sakei
Batting: LHB Silas Givens 0-0: Called Strike
0-1: Ball
1-1: Called Strike
1-2: Ball
2-2: Foul Ball, location: 2F
2-2: Ground out U3 (Groundball, 3, EV 98.8 MPH)
Batting: RHB Júlio Rodríguez 0-0: Ball
1-0: Called Strike
1-1: Ground out 4-3 (Groundball, 4M, EV 78.8 MPH)
Batting: RHB Nick Boyd 0-0: Ball
1-0: Foul Ball, location: 2F
1-1: Ball
2-1: Foul Ball, location: 2F
2-2: Foul Ball, location: 2F
2-2: Ball
3-2: Foul Ball, location: 2F
3-2: Ground out 6-3 (Groundball, 6, EV 101.9 MPH)
Bottom of the 7th over - 0 runs, 0 hits, 0 errors, 0 left on base; Panama City 3 - D.C. 2
TOP OF THE 8TH
Panama City Piranhas batting - Pitching for D.C. Divided : RHP Aiden Dubhghall
Batting: RHB Chrysler Rodriguez 0-0: Ball
1-0: Ball
2-0: Called Strike
2-1: Foul Ball, location: 2F
2-2: Ball
3-2: Foul Ball, location: 2F
3-2: Foul Ball, location: 2F
3-2: Fly out, F7 (Flyball, 7D, EV 97.5 MPH)
Pitching: LHP José Flores
Batting: RHB Rodney Clancy 0-0: Ball
1-0: Fly out, F9 (Flyball, 9S, EV 79.4 MPH)
Batting: RHB Bruno Williams 0-0: Ground out 5-3 (Groundball, 56, EV 99.4 MPH)
Top of the 8th over - 0 runs, 0 hits, 0 errors, 0 left on base; Panama City 3 - D.C. 2
BOTTOM OF THE 8TH
D.C. Divided batting - Pitching for Panama City Piranhas : RHP Masahiro Sakei
Pitching: RHP Marvin Sidebottom
Batting: LHB Dallas Ihde 0-0: Called Strike
0-1: SOLO HOME RUN (Flyball, 78XD, EV 106.9 MPH), Distance : 434 ft
Batting: LHB Bill Butler 0-0: Ball
1-0: Called Strike
1-1: Ball
2-1: Foul Ball, location: 2F
2-2: Foul Ball, location: 2F
2-2: SINGLE (Line Drive, 9S, EV 94.4 MPH)
Batting: RHB Martín Chávez 0-0: Foul Ball, location: 2F
0-1: Ball
1-1: Ball
2-1: 2-RUN HOME RUN (Line Drive, 78XD, EV 100.0 MPH), Distance : 445 ft
Pitching: RHP Carlos Salcido
Batting: RHB Kimi Okubo 0-0: Ground out 5-3 (Groundball, 56, EV 84.4 MPH)
Batting: RHB Jay Hood 0-0: Foul Ball, location: 2F
0-1: Ball
1-1: Ball
2-1: Ground out 2-3 (Groundball, 13S, EV 67.5 MPH)
Batting: RHB Mario Castillo 0-0: Foul Ball, location: 2F
0-1: Ball
1-1: Ball
2-1: Ball
3-1: Foul Ball, location: 2F
3-2: Foul Ball, location: 2F
3-2: Strikes out swinging
Bottom of the 8th over - 3 runs, 3 hits, 0 errors, 0 left on base; Panama City 3 - D.C. 5
TOP OF THE 9TH
Panama City Piranhas batting - Pitching for D.C. Divided : LHP José Flores
Pitching: RHP Sidney Crosbie
Now at C: Gustavo González
Batting: RHB Silvio Bonauiti 0-0: Foul Ball, location: 2F
0-1: Fly out, F4 (Line Drive, 4, EV 76.2 MPH)
Batting: RHB Kieran Hansen 0-0: Called Strike
0-1: Ball
1-1: Ball
2-1: Fly out, F4 (Line Drive, 4, EV 71.2 MPH)
Batting: RHB António Mendoza 0-0: Fly out, F7 (Flyball, 7, EV 95.0 MPH)
Top of the 9th over - 0 runs, 0 hits, 0 errors, 0 left on base; Panama City 3 - D.C. 5
Wednesday, July 8th, 2020 - OOTP Baseball 20.8 Build 74